 Dungeon Crawl Stone Soup version 0.19-a0-811-gf4045fb (webtiles) character file.

79 Arkorax the Insei (level 4, -1/42 HPs)
             Began as a Naga Monk on June 28, 2016.
             Slain by a hobgoblin
             ... wielding a +0 club
              (2 damage)
             ... on level 1 of the Dungeon.
             The game lasted 00:02:52 (1926 turns).

Arkorax the Insei (Naga Monk)                       Turns: 1926, Time: 00:02:53

Health: -1/42      AC:  2    Str: 13    XL:     4   Next: 37%
Magic:  0/4        EV: 10    Int: 11    God:
Gold:   66         SH:  0    Dex: 14    Spells: 0 memorised, 3 levels left

rFire  . . .     SeeInvis +       - Unarmed
rCold  . . .     Gourm    .     a - +0 robe
rNeg   . . .     Faith    .     (no shield)
rPois  +         Spirit   +     (no helmet)
rElec  .         Dismiss  .     (no cloak)
rCorr  .         Reflect  .     (no gloves)
SustAt .         Harm     .     (no barding)
MR     .....                    e - amulet of guardian spirit
Stlth  ++........               (no ring)
                                (no ring)

@: very slow, not resistant to hostile enchantments, unstealthy
A: see invisible, deformed body, poison resistance, slowness 2, slow metabolism
1, spit poison 2, AC +1
a: Spit Poison


You were on level 1 of the Dungeon.
You were not hungry.

You visited 1 branch of the dungeon, and saw 2 of its levels.

You collected 66 gold pieces.

Inventory:

Missiles
 m - 7 needles of confusion
Armour
 a - a +0 robe (worn)
Jewellery
 e - an amulet of guardian spirit (around neck)
 h - an uncursed ring of positive energy {unknown}
Scrolls
 c - a scroll of enchant armour {unknown}
 f - a scroll of immolation {unknown}
 j - a scroll of recharging {unknown}
 l - 5 scrolls of identify {unknown}
 p - a scroll of amnesia {unknown}
 q - a scroll of remove curse {unknown}
 s - a scroll of random uselessness {unknown}
 u - a scroll of noise {unknown}
Potions
 b - a potion of haste {unknown}
 d - a potion of resistance {unknown}
 g - a potion of cancellation {unknown}
 n - 2 potions of curing {unknown}
 r - a potion of cure mutation {unknown}
Comestibles
 i - a meat ration
 k - a beef jerky
 o - a royal jelly
 t - 3 fruits
 v - a bread ration


   Skills:
 - Level 3.0 Fighting
 - Level 2.4 Dodging
 - Level 3.0 Stealth
 + Level 5.0 Unarmed Combat


You had 3 spell levels left.
You didn't know any spells.

Dungeon Overview and Level Annotations

Branches:
Dungeon (2/15)

Altars:
Qazlal
Ru


Innate Abilities, Weirdness & Mutations

You cannot wear boots.
Your serpentine skin is tough. (AC +1)
You have supernaturally acute eyesight. (SInv)
Armour fits poorly on your strangely shaped body.
Your system is resistant to poisons. (rPois)
You cover ground very slowly.
You have a slow metabolism.
You can spit poison.


Message History

* * * LOW HITPOINT WARNING * * *
There is a stone staircase leading up here.
The hobgoblin barely misses you. The gnoll hits you but does no damage.
You climb upwards.
There is a stone staircase leading down here.
You are too injured to fight recklessly!
You are too injured to fight recklessly!
You are too injured to fight recklessly!
You hit the hobgoblin.
The hobgoblin is severely wounded.
The hobgoblin hits you with a club.
* * * LOW HITPOINT WARNING * * *
You completely miss the hobgoblin.
The hobgoblin is severely wounded.
The hobgoblin hits you with a club.
* * * LOW HITPOINT WARNING * * *
You closely miss the hobgoblin.
The hobgoblin is severely wounded.
The hobgoblin hits you with a club.
You die...

#..#................# #.#
#..#..).......#.##### #.#
#..#.#####'#....###############.#
#............................†...
...#.............................
####[##.##.####.##########.......
.........#.#.......########.###.#
♣♣♣♣♣♣♣♣.#.#.##.g#.##.....#.# #.#
.PP..PP♣.#.#.##.@#+##.#####.# #.#
..P..PP♣...#.###....#.# #.# #.#
...PP..♣...#.# #....#.# #.# #.#
P.<.P..♣.#.#.# #....#.# #.# #.#
.P...PP♣.#.#.# #....#.# #.# #.#
.PP...P♣.#.#.# #....#.#####.# #.#
P..P...♣.#.#.# #....(.......# #.#
P..PP..♣.#.#.###)####.#########.#
♣♣♣♣♣♣♣..#.#.............#......#


You could see a hobgoblin.

Vanquished Creatures
  An adder (D:2)
  2 dart slugs
  A giant gecko (D:2)
  2 ball pythons (D:1)
  2 giant cockroaches
  8 goblins
  11 hobgoblins
  7 jackals
  9 kobolds
  6 bats
  2 giant newts
  4 rats
55 creatures vanquished.

Notes
Turn   | Place    | Note
--------------------------------------------------------------
     0 | D:1      | Arkorax the Naga Monk began the quest for the Orb.
     0 | D:1      | Reached XP level 1. HP: 21/21 MP: 1/1
   174 | D:1      | Reached XP level 2. HP: 28/28 MP: 2/2
   554 | D:1      | Reached skill level 4 in Unarmed Combat
   664 | D:1      | Reached XP level 3. HP: 34/34 MP: 3/3
  1369 | D:2      | Found a stormy altar of Qazlal.
  1574 | D:2      | Reached XP level 4. HP: 42/42 MP: 4/4
  1650 | D:2      | Found a sacrificial altar of Ru.
  1882 | D:2      | Reached skill level 5 in Unarmed Combat
  1925 | D:1      | HP: 1/42 [hobgoblin/club (5)]
  1926 | D:1      | Slain by a hobgoblin

Vault maps used:
D:1:      scummos_arrival_checkerplants
D:2:      kennysheep_big_flooded_room, grunt_qazlal_sundering,
          lemuel_crystal_altar

Skill      XL: |  1  2  3  4 |
---------------+-------------+-----
Unarmed Combat | 4 5 |  5.0
Fighting       | |  3.0
Dodging        | |  2.4
Stealth        | |  3.0

Action                   |  1- 3 |  4- 6 || total
-------------------------+-------+-------++-------
Melee: Unarmed           |    83 |    27 ||   110
       Punch             |     3 |       ||     3
 Abil: Spit Poison       |    22 |     3 ||    25
 Stab: Sleeping          |     5 |       ||     5
  Eat: Bread ration      |     1 |       ||     1
Armor: Robe              |    26 |     4 ||    30
Dodge: Dodged            |    48 |    15 ||    63
